SAA
LANNISTER UNITED LIONHEARTS @ PHOENIX HOTSPUR YOUTH
06/10/2034
 
TOP OF THE 1ST
Lannister United Lionhearts batting - Pitching for Phoenix Hotspur Youth : LHP Habakkuk Baldonado
Pitching: LHP Habakkuk Baldonado
Batting: RHB Gonzalo Vásquez 0-0: Ball
1-0: Ground out 5-3 (Groundball, 56)
Batting: LHB Michael Witt 0-0: Called Strike
0-1: Ball
1-1: Ball
2-1: Ball
3-1: Base on Balls
Batting: RHB Mitsuhide Bando 0-0: Swinging Strike
0-1: Ball
1-1: Ball
2-1: Ball
3-1: Base on Balls
Michael Witt to second
Batting: RHB Breanainn Swartwood 0-0: Ball
1-0: Ball
2-0: Ball
3-0: Base on Balls
Michael Witt to third
Mitsuhide Bando to second
Batting: SHB Gerrie Bond 0-0: Ball
1-0: Called Strike
1-1: Ball
2-1: Ball
3-1: Base on Balls
Michael Witt scores
Mitsuhide Bando to third
Breanainn Swartwood to second
Batting: SHB Sean Scheetz 0-0: Foul Ball, location: 2F
0-1: Ball
1-1: Foul Ball, location: 2F
1-2: Strikes out swinging
Batting: RHB Manny García 0-0: Called Strike
0-1: SINGLE (Groundball, 6MD)
Mitsuhide Bando scores
Breanainn Swartwood to third
Gerrie Bond to second
Runner from 3rd tries for Home, SAFE, no throw
Batting: SHB Miklos Elias 0-0: Called Strike
0-1: Ball
1-1: SINGLE (Groundball, 6MD)
Gerrie Bond to third
Manny García to second
Runner from 3rd tries for Home, SAFE, no throw
Batting: SHB Alfonso Baca 0-0: Foul Ball, location: 2F
0-1: Ball
1-1: Foul Ball, location: 2F
1-2: Strikes out looking
Top of the 1st over - 4 runs, 2 hits, 0 errors, 2 left on base; Lannister United 4 - Phoenix Hotspur 0
BOTTOM OF THE 1ST
Phoenix Hotspur Youth batting - Pitching for Lannister United Lionhearts : RHP Kevin Maughan
Pitching: RHP Kevin Maughan
Batting: RHB Alberto Ramírez 0-0: Foul Ball, location: 2F
0-1: Called Strike
0-2: Ball
1-2: Ball
2-2: Strikes out swinging, 2-3 out at first.
Batting: RHB Francisco Arriagada 0-0: Ball
1-0: Called Strike
1-1: Foul Ball, location: 2F
1-2: SINGLE (Flyball, 5D)
Batting: LHB Phil Mazzeo 0-0: Ball
1-0: Swinging Strike
1-1: Foul Ball, location: 2F
1-2: Ball
2-2: SINGLE (Groundball, 3D)
Francisco Arriagada to second
Runner from 2nd tries for 3rd, SAFE, no throw
Batting: LHB Carlos Rodríguez 0-0: Called Strike
0-1: Ball
1-1: Fly out, F6 (Flyball, 6MD)
Batting: RHB Jonas van Claveren 0-0: Ball
1-0: Ball
2-0: Ball
3-0: Called Strike
3-1: Foul Ball, location: 2F
3-2: Strikes out swinging
Bottom of the 1st over - 0 runs, 2 hits, 0 errors, 2 left on base; Lannister United 4 - Phoenix Hotspur 0
TOP OF THE 2ND
Lannister United Lionhearts batting - Pitching for Phoenix Hotspur Youth : LHP Habakkuk Baldonado
Batting: RHB Gonzalo Vásquez 0-0: Called Strike
0-1: Fly out, F9 (Flyball, 9)
Batting: LHB Michael Witt 0-0: Ball
1-0: Called Strike
1-1: Fly out, F4 (Flyball, 34D)
Batting: RHB Mitsuhide Bando 0-0: Ball
1-0: Foul Ball, location: 2F
1-1: Ball
2-1: Swinging Strike
2-2: Ball
3-2: Hit by Pitch
Batting: RHB Breanainn Swartwood 0-0: Called Strike
0-1: Ball
1-1: DOUBLE (Flyball, 8RD)
Mitsuhide Bando to third
Runner from 3rd tries for Home, SAFE, no throw
Batting: SHB Gerrie Bond 0-0: Foul Ball, location: 2F
0-1: Ball
1-1: Foul Ball, location: 2F
1-2: Ground out 5-3 (Groundball, 56S)
Top of the 2nd over - 1 run, 1 hit, 0 errors, 1 left on base; Lannister United 5 - Phoenix Hotspur 0
BOTTOM OF THE 2ND
Phoenix Hotspur Youth batting - Pitching for Lannister United Lionhearts : RHP Kevin Maughan
Batting: RHB James Turner 0-0: Ball
1-0: Ball
2-0: Called Strike
2-1: Foul Ball, location: 2F
2-2: Ball
3-2: Strikes out swinging
Batting: RHB José Souza 0-0: Foul Ball, location: 2F
0-1: Ball
1-1: Ball
2-1: Swinging Strike
2-2: Ball
3-2: DOUBLE (Groundball, 5L)
Batting: RHB Myles Brundidge 0-0: Swinging Strike
0-1: Swinging Strike
0-2: Ball
1-2: Strikes out looking
Batting: RHB Braylen Sampson 0-0: Ball
1-0: DOUBLE (Flyball, 78D)
José Souza scores
Batting: RHB Alberto Ramírez 0-0: Ball
1-0: Ball
2-0: SINGLE (Groundball, 4MD)
Braylen Sampson to third
Runner from 3rd tries for Home, SAFE, no throw
Batting: RHB Francisco Arriagada 0-0: Ball
1-0: Called Strike
1-1: Ball
2-1: 2-RUN HOME RUN (Flyball, 7LD), Distance : 367 ft
Batting: LHB Phil Mazzeo 0-0: SINGLE (Line Drive, 9LM)
Batting: LHB Carlos Rodríguez 0-0: Ball
1-0: Called Strike
Phil Mazzeo steals 2nd base
1-1: Swinging Strike
1-2: Strikes out looking
Bottom of the 2nd over - 4 runs, 5 hits, 0 errors, 1 left on base; Lannister United 5 - Phoenix Hotspur 4
TOP OF THE 3RD
Lannister United Lionhearts batting - Pitching for Phoenix Hotspur Youth : LHP Habakkuk Baldonado
Batting: SHB Sean Scheetz 0-0: Ball
1-0: Foul Ball, location: 2F
1-1: Ball
2-1: Swinging Strike
2-2: Foul Ball, location: 2F
2-2: Ball
3-2: Fly out, F5 (Line Drive, 56)
Batting: RHB Manny García 0-0: Ball
1-0: Fly out, F7 (Line Drive, 7D)
Batting: SHB Miklos Elias 0-0: Fly out, F3 (Popup, 34)
Top of the 3rd over - 0 runs, 0 hits, 0 errors, 0 left on base; Lannister United 5 - Phoenix Hotspur 4
BOTTOM OF THE 3RD
Phoenix Hotspur Youth batting - Pitching for Lannister United Lionhearts : RHP Kevin Maughan
Batting: RHB Jonas van Claveren 0-0: Foul Ball, location: 2F
0-1: Foul Ball, location: 2F
0-2: Strikes out swinging
Batting: RHB James Turner 0-0: Fly out, F3 (Popup, 34S)
Batting: RHB José Souza 0-0: Called Strike
0-1: SINGLE (Line Drive, 78M)
Batting: RHB Myles Brundidge 0-0: Swinging Strike
0-1: Fly out, F9 (Flyball, 9)
Bottom of the 3rd over - 0 runs, 1 hit, 0 errors, 1 left on base; Lannister United 5 - Phoenix Hotspur 4
TOP OF THE 4TH
Lannister United Lionhearts batting - Pitching for Phoenix Hotspur Youth : LHP Habakkuk Baldonado
Batting: SHB Alfonso Baca 0-0: Ball
1-0: Called Strike
1-1: Foul Ball, location: 2F
1-2: Foul Ball, location: 2F
1-2: Ball
2-2: Ball
3-2: Strikes out swinging
Batting: RHB Gonzalo Vásquez 0-0: Fly out, F7 (Flyball, 7S)
Batting: LHB Michael Witt 0-0: Ball
1-0: Foul Ball, location: 2F
1-1: Ball
2-1: Foul Ball, location: 2F
2-2: Ball
3-2: Strikes out looking
Top of the 4th over - 0 runs, 0 hits, 0 errors, 0 left on base; Lannister United 5 - Phoenix Hotspur 4
BOTTOM OF THE 4TH
Phoenix Hotspur Youth batting - Pitching for Lannister United Lionhearts : RHP Kevin Maughan
Batting: RHB Braylen Sampson 0-0: Ball
1-0: Ball
2-0: Ground out 4-3 (Groundball, 6MS)
Batting: RHB Alberto Ramírez 0-0: Ball
1-0: Called Strike
1-1: Foul Ball, location: 2F
1-2: Ball
2-2: Foul Ball, location: 2F
2-2: Strikes out looking
Batting: RHB Francisco Arriagada 0-0: Ball
1-0: Ground out 4-3 (Groundball, 4)
Bottom of the 4th over - 0 runs, 0 hits, 0 errors, 0 left on base; Lannister United 5 - Phoenix Hotspur 4
TOP OF THE 5TH
Lannister United Lionhearts batting - Pitching for Phoenix Hotspur Youth : LHP Habakkuk Baldonado
Batting: RHB Mitsuhide Bando 0-0: Ball
1-0: Ground out 3-1 (Groundball, 34)
Batting: RHB Breanainn Swartwood 0-0: Called Strike
0-1: Foul Ball, location: 2F
0-2: SINGLE (Groundball, 4MD)
Batting: SHB Gerrie Bond 0-0: Grounds into double play, 1-4-3 (Groundball, 15)
Top of the 5th over - 0 runs, 1 hit, 0 errors, 0 left on base; Lannister United 5 - Phoenix Hotspur 4
BOTTOM OF THE 5TH
Phoenix Hotspur Youth batting - Pitching for Lannister United Lionhearts : RHP Kevin Maughan
Batting: LHB Phil Mazzeo 0-0: Ball
1-0: SINGLE (Groundball, 4D)
Batting: LHB Carlos Rodríguez 0-0: Called Strike
0-1: Ball
1-1: Swinging Strike
1-2: Ball
2-2: Ball
3-2: SINGLE (Groundball, 34D)
Phil Mazzeo to second
Phil Mazzeo to third
Batting: RHB Jonas van Claveren 0-0: Ball
1-0: Called Strike
1-1: Ball
2-1: Ground out 6-3 (Groundball, 6)
Carlos Rodríguez to second
Pitching: RHP Shusaku Kobayashi
Batting: RHB James Turner 0-0: Swinging Strike
0-1: Called Strike
0-2: Ball
1-2: SINGLE (Groundball, 4M) (infield hit)
Phil Mazzeo scores
Carlos Rodríguez to third
Batting: RHB José Souza 0-0: Ball
1-0: Called Strike
1-1: Ball
2-1: Ball
3-1: Fly out, F8 (Flyball, 8RM)
Runner from 3rd tags up, SCORES, throw made
Batting: RHB Myles Brundidge 0-0: Ball
1-0: Ball
2-0: Ball
3-0: Called Strike
3-1: SINGLE (Groundball, 56D)
James Turner to second
Runner from 2nd tries for 3rd, OUT!
Bottom of the 5th over - 2 runs, 4 hits, 0 errors, 1 left on base; Lannister United 5 - Phoenix Hotspur 6
TOP OF THE 6TH
Lannister United Lionhearts batting - Pitching for Phoenix Hotspur Youth : LHP Habakkuk Baldonado
Batting: SHB Sean Scheetz 0-0: Ball
1-0: Ball
2-0: Ball
3-0: Base on Balls
Batting: RHB Manny García 0-0: Sac Bunt - play at first, batter OUT! 2-3
Sean Scheetz to second
Batting: SHB Miklos Elias 0-0: Called Strike
0-1: Ball
1-1: Swinging Strike
1-2: Strikes out swinging
Batting: SHB Alfonso Baca 0-0: Fly out, F7 (Flyball, 7D)
Top of the 6th over - 0 runs, 0 hits, 0 errors, 1 left on base; Lannister United 5 - Phoenix Hotspur 6
BOTTOM OF THE 6TH
Phoenix Hotspur Youth batting - Pitching for Lannister United Lionhearts : RHP Shusaku Kobayashi
Batting: RHB Braylen Sampson 0-0: Ball
1-0: Swinging Strike
1-1: Ball
2-1: Foul Ball, location: 2F
2-2: Fly out, F6 (Popup, 6MS)
Batting: RHB Alberto Ramírez 0-0: Fly out, F8 (Flyball, 8RD)
Batting: RHB Francisco Arriagada 0-0: Foul Ball, location: 2F
0-1: Ball
1-1: Called Strike
1-2: Ball
2-2: Ball
3-2: Foul Ball, location: 2F
3-2: Foul Ball, location: 2F
3-2: Base on Balls
Batting: LHB Phil Mazzeo 0-0: Ball
1-0: Ball
Francisco Arriagada steals 2nd base
2-0: TRIPLE (Line Drive, 8LXD)
Francisco Arriagada scores
Batting: LHB Carlos Rodríguez 0-0: Intentional Walk
Batting: RHB Jonas van Claveren 0-0: Called Strike
0-1: Ball
1-1: Swinging Strike
1-2: Ball
Wild Pitch!
Phil Mazzeo scores
Carlos Rodríguez to second
2-2: Foul Ball, location: 2F
2-2: Foul Ball, location: 2F
2-2: Foul Ball, location: 2F
2-2: Strikes out swinging
Bottom of the 6th over - 2 runs, 1 hit, 0 errors, 1 left on base; Lannister United 5 - Phoenix Hotspur 8
TOP OF THE 7TH
Lannister United Lionhearts batting - Pitching for Phoenix Hotspur Youth : LHP Habakkuk Baldonado
Batting: RHB Gonzalo Vásquez 0-0: Fly out, F9 (Line Drive, 9LM)
Batting: LHB Michael Witt 0-0: Ground out U3 (Groundball, 3L)
Batting: RHB Mitsuhide Bando 0-0: Ball
1-0: SINGLE (Groundball, 6D)
Batting: RHB Breanainn Swartwood 0-0: Ball
1-0: Called Strike
1-1: Ball
2-1: Ball
3-1: Base on Balls
Mitsuhide Bando to second
Batting: SHB Gerrie Bond 0-0: Called Strike
0-1: Ball
1-1: Ball
2-1: Foul Ball, location: 2F
2-2: Ball
3-2: SINGLE (Groundball, 56D)
Mitsuhide Bando to third
Breanainn Swartwood to second
Mitsuhide Bando scores
Breanainn Swartwood to third
Pitching: RHP Rex Loggins
Batting: SHB Sean Scheetz 0-0: Called Strike
0-1: Called Strike
0-2: SINGLE (Groundball, 56D)
Breanainn Swartwood scores
Gerrie Bond to second
Pinch Hitting: RHB Craig Greene 0-0: Called Strike
0-1: Ball
1-1: Ball
2-1: Ball
3-1: Fly out, F7 (Line Drive, 7)
Top of the 7th over - 2 runs, 3 hits, 0 errors, 2 left on base; Lannister United 7 - Phoenix Hotspur 8
BOTTOM OF THE 7TH
Phoenix Hotspur Youth batting - Pitching for Lannister United Lionhearts : RHP Shusaku Kobayashi
Pitching: RHP Kazuchika Okada
Now at 3B: Craig Greene
Batting: RHB James Turner 0-0: Swinging Strike
0-1: Foul Ball, location: 2F
0-2: Ball
1-2: Strikes out looking
Batting: RHB José Souza 0-0: Foul Ball, location: 2F
0-1: Swinging Strike
0-2: Strikes out swinging
Batting: RHB Myles Brundidge 0-0: Called Strike
0-1: Ball
1-1: Ball
2-1: Called Strike
2-2: Ground out 4-3 (Groundball, 4)
Bottom of the 7th over - 0 runs, 0 hits, 0 errors, 0 left on base; Lannister United 7 - Phoenix Hotspur 8
TOP OF THE 8TH
Lannister United Lionhearts batting - Pitching for Phoenix Hotspur Youth : RHP Rex Loggins
Now at 3B: Greg Billingsley
Batting: SHB Miklos Elias 0-0: Called Strike
0-1: Ball
1-1: Swinging Strike
1-2: Foul Ball, location: 2F
1-2: Ball
2-2: Ball
3-2: Strikes out swinging
Batting: SHB Alfonso Baca 0-0: Called Strike
0-1: Ball
1-1: Called Strike
1-2: Strikes out swinging
Batting: RHB Gonzalo Vásquez 0-0: Ball
1-0: Called Strike
1-1: Foul Ball, location: 2F
1-2: SINGLE (Line Drive, 8LS)
Batting: LHB Michael Witt 0-0: Ball
1-0: Foul Ball, location: 2F
1-1: Called Strike
1-2: Ball
2-2: Ball
3-2: Strikes out swinging
Top of the 8th over - 0 runs, 1 hit, 0 errors, 1 left on base; Lannister United 7 - Phoenix Hotspur 8
BOTTOM OF THE 8TH
Phoenix Hotspur Youth batting - Pitching for Lannister United Lionhearts : RHP Kazuchika Okada
Batting: RHB Braylen Sampson 0-0: Ball
1-0: Ground out 6-3 (Groundball, 6)
Batting: RHB Alberto Ramírez 0-0: Ball
1-0: Fly out, F8 (Flyball, 8LD)
Batting: RHB Francisco Arriagada 0-0: Called Strike
0-1: Swinging Strike
0-2: Ground out 4-3 (Groundball, 4)
Bottom of the 8th over - 0 runs, 0 hits, 0 errors, 0 left on base; Lannister United 7 - Phoenix Hotspur 8
TOP OF THE 9TH
Lannister United Lionhearts batting - Pitching for Phoenix Hotspur Youth : RHP Rex Loggins
Pitching: RHP Coy Mitoglou
Now at C: Bill Poole
Now at 1B: Tyler Kinjeketile
Now in RF: Joseph Antoine
Batting: RHB Mitsuhide Bando 0-0: Swinging Strike
0-1: Ball
1-1: DOUBLE (Line Drive, 7LD)
Batting: RHB Breanainn Swartwood 0-0: Ball
1-0: Swinging Strike
1-1: Ball
2-1: Foul Ball, location: 2F
2-2: Foul Ball, location: 2F
2-2: Ground out 6-3 (Groundball, 6M)
Mitsuhide Bando to third
Batting: SHB Gerrie Bond 0-0: Fly out, F8 (Flyball, 8RD)
Runner from 3rd tags up, SCORES, throw made
Batting: SHB Sean Scheetz 0-0: Called Strike
0-1: Foul Ball, location: 2F
0-2: Foul Ball, location: 2F
0-2: Foul Ball, location: 2F
0-2: Ground out 5-3 (Groundball, 56S)
Top of the 9th over - 1 run, 1 hit, 0 errors, 0 left on base; Lannister United 8 - Phoenix Hotspur 8
BOTTOM OF THE 9TH
Phoenix Hotspur Youth batting - Pitching for Lannister United Lionhearts : RHP Kazuchika Okada
Batting: LHB Phil Mazzeo 0-0: Called Strike
0-1: Ball
1-1: Fly out, F8 (Line Drive, 8LD)
Batting: LHB Tyler Kinjeketile 0-0: Ball
1-0: Called Strike
1-1: Called Strike
1-2: Strikes out swinging
Batting: RHB Greg Billingsley 0-0: Called Strike
0-1: SINGLE (Groundball, 4MD)
Pinch Runner at 1st Roldan Martir:
Batting: RHB James Turner 0-0: Called Strike
Roldan Martir steals 2nd base
0-1: Foul Ball, location: 2F
0-2: SINGLE (Groundball, 4MD)
Roldan Martir to third
Runner from 3rd tries for Home, SAFE, no throw
Friday, March 29th, 2019 - OOTP Baseball 18.8 Build 76